 Dungeon Crawl Stone Soup version 0.32-a0-876-gcfddb08e57 (webtiles) character file.

Game seed: 8814867959477492955

2502203 DimondSprtn the Intangible (level 27, 253/253 HPs)
             Began as a Felid Hedge Wizard on Mar 31, 2024.
             Was an Initiate of Gozag.
             Escaped with the Orb
             ... and 5 runes on Apr 1, 2024!
             The game lasted 05:55:56 (105549 turns).

DimondSprtn the Intangible (Felid Hedge Wizard)   Turns: 105549, Time: 05:55:57

Health: 253/253    AC: 22    Str: 15    XL:     27
Magic:  37/39      EV: 29    Int: 39    God:    Gozag
Gold:   682        SH:  0    Dex: 26    Spells: 3/48 levels left
                                        Lives:  2   Deaths: 8

rFire   + +          .
                       - Unarmed
rCold   . . .        (shield unavailable)
rNeg    + . .        (body armour unavailable)
rPois   +            (helmet unavailable)
rElec   +            (cloak unavailable)
rCorr   .            (gloves unavailable)
SInv    +            (boots unavailable)
Will    ++++.        T - macabre finger necklace {Finger+ rN+}
Stlth   +++          p - ring of Vehumet's Approval {AC+4 Dex+4}
HPRegen 0.62/turn    H - ring "Fantiekova" {rElec rPois AC+4 Int+5 Slay+2}
MPRegen 0.26/turn    V - ring "Timm" {*Slow rC+ Int+5}

%: slow self (1%)
@: dragon-form, gold aura, flying
A: dragon claw, dragon scales, breathe fire, flying, boosted hp, giant, (claws
1), (fangs 3), see invisible, (shaggy fur 3), (stealthy paws), no weapons or
thrown items, no armour, multi-lived, (iridescent scales 1), agile 1, no potion
heal 1, subdued magic 2, noise suppression, persistent drain
0: Orb of Zot
}: 5/15 runes: decaying, slimy, silver, abyssal, gossamer
a: Breathe Fire, Begin Untransformation, Renounce Religion, Potion Petition,
Call Merchant, Bribe Branch


You escaped.
You worshipped Gozag.
Gozag was pleased with you.
You were a fearsome dragon!
You visited 12 branches of the dungeon, and saw 56 of its levels.
You visited the Abyss 12 times.
You visited 1 bazaar.
You also visited: Ossuary, Ice Cave and Wizlab.

You collected 36016 gold pieces.
You spent 13248 gold pieces at shops.
You paid 22086 gold pieces to Gozag.

Inventory:

Jewellery
 p - the ring of Vehumet's Approval (left foreclaw) {AC+4 Dex+4}
   (You bought it in a shop on level 2 of the Orcish Mines)

   [ring of protection]

   AC+4:      It affects your AC (+4).
   Dex+4:     It affects your dexterity (+4).
 A - the ring "Goigaot" {Ice Int+4}
   (You took it off a tengu warrior on level 9 of the Dungeon)

   [ring of ice]

   Ice:       It enhances your ice magic.
   Int+4:     It affects your intelligence (+4).
   rF-:       It makes you vulnerable to fire.
   rC+:       It protects you from cold.
 F - a ring of protection from cold
 G - a ring of resist corrosion
 H - the ring "Fantiekova" (right foreclaw) {rElec rPois AC+4 Int+5 Slay+2}
   (You bought it in a shop on level 1 of the Lair of Beasts)

   [ring of protection]

   AC+4:      It affects your AC (+4).
   Int+5:     It affects your intelligence (+5).
   Slay+2:    It affects your accuracy & damage with ranged weapons and melee
   (+2).
   rElec:     It insulates you from electricity.
   rPois:     It protects you from poison.
 M - the ring of Xoolorof {Fire rN+}
   (You found it on level 3 of the Lair of Beasts)

   [ring of fire]

   Fire:      It enhances your fire magic.
   rF+:       It protects you from fire.
   rC-:       It makes you vulnerable to cold.
   rN+:       It protects you from negative energy.
 Q - a ring of protection from fire
 T - the macabre finger necklace (around neck) {Finger+ rN+}
   (You bought it in a shop on level 1 of the Orcish Mines)

   [amulet of nothing]

   Finger+:   It enables you to equip an extra ring.
   rN+:       It protects you from negative energy.
 V - the ring "Timm" (on amulet) {*Slow rC+ Int+5}
   (You bought it in a shop on level 1 of the Vaults)

   [ring of protection from cold]

   Int+5:     It affects your intelligence (+5).
   rC+:       It protects you from cold.
   *Slow:     It may slow you when you take damage.
 W - the ring of Fiewoma {Fly rN++}
   (You found it on level 3 of the Crypt)

   [ring of flight]

   rN++:      It greatly protects you from negative energy.
   Fly:       It grants you flight.
 X - the ring of the Hare {EV+10}
   (You took it off an ironbound preserver on level 5 of the Vaults)

   [ring of evasion]

   EV+10:     It affects your evasion (+10).
Talismans
 U - a dragon-blood talisman (active)
Wands
 r - a wand of polymorph (25)
 s - a wand of quicksilver (38)
 t - a wand of charming (44)
 w - a wand of flame (119)
 D - a wand of iceblast (44)
 J - a wand of digging (23)
 L - a wand of mindburst (35)
Scrolls
 b - 9 scrolls of amnesia
 e - 13 scrolls of fog
 g - 12 scrolls of blinking
 k - 11 scrolls of teleportation
 n - 9 scrolls of vulnerability
 q - 3 scrolls of revelation
 x - 3 scrolls of torment
 B - 3 scrolls of silence
 C - 11 scrolls of fear
 K - 6 scrolls of immolation
 O - 15 scrolls of poison
 R - 4 scrolls of butterflies
Potions
 a - 6 potions of magic
 d - a potion of haste
 f - 10 potions of attraction
 h - 40 potions of curing
 i - 13 potions of brilliance
 l - 18 potions of heal wounds
 m - 6 potions of lignification
 o - 11 potions of might
 u - 3 potions of resistance
 v - 18 potions of ambrosia
 z - 3 potions of cancellation
 E - 8 potions of invisibility
 I - 4 potions of berserk rage
 P - 3 potions of enlightenment
Miscellaneous
 c - a sack of spiders
 y - a condenser vane
 N - a lightning rod (4/4)
 S - a Gell's gravitambourine (2/2)
 Y - a phantom mirror


   Skills:
 + Level 25.2 Fighting
 O Level 27 Dodging
 - Level 23.9 Stealth
 O Level 27 Unarmed Combat
 - Level 11.0 Spellcasting
 - Level 9.0 Conjurations
 - Level 2.0 Summonings
 - Level 10.0 Necromancy
 - Level 17.8 Translocations
 - Level 5.0 Ice Magic
 - Level 9.0 Air Magic
 - Level 3.0 Alchemy
 - Level 19.0 Shapeshifting


You had 3 spell levels left.
You knew the following spells:

 Your Spells              Type           Power      Damage    Failure   Level
a - Lesser Beckoning      Tloc           100%       N/A       0%          2
b - Gell's Gavotte        Tloc           39%        2d(29-43) 1%          6
c - Blink                 Tloc           100%       N/A       0%          2
d - Vhi's Electric Charg  Tloc/Air       100%       N/A       0%          4
e - Freezing Cloud        Conj/Ice/Air   25%        6-21      1%          5
f - Dispersal             Tloc           39%        N/A       1%          6
g - Summon Forest         Summ/Tloc      29%        N/A       1%          5
h - Arcjolt               Conj/Air       27%        1d37      1%          5
i - Fugue of the Fallen   Necr           58%        N/A       1%          3
j - Apportation           Tloc           100%       N/A       0%          1
k - Death Channel         Necr           29%        N/A       2%          6

Your spell library contained the following spells:

 Spells                   Type           Power      Damage    Failure   Level
 Kiss of Death            Conj/Necr      100%       2d13      0%          1
 Magic Dart               Conj           100%       1d8       0%          1
 Searing Ray              Conj           100%       2d8       0%          2
 Teleport Other           Tloc           79%        N/A       0%          3
 Foxfire                  Conj/Fire      100%       2x1d9     1%          1
 Freeze                   Ice            100%       1d10      1%          1
 Slow                     Hex            52%        N/A       1%          1
 Summon Small Mammal      Summ           92%        N/A       1%          1
 Call Imp                 Summ           46%        N/A       1%          2
 Cigotuvi's Dreadful Rot  Necr/Alch/Air  98%        N/A       1%          2
 Ensorcelled Hibernation  Hex/Ice        50%        N/A       1%          2
 Scorch                   Fire           26%        2d6       1%          2
 Call Canine Familiar     Summ           23%        N/A       1%          3
 Dazzling Flash           Conj/Hex       70%        N/A       1%          3
 Frozen Ramparts          Ice            74%        1d12      1%          3
 Hailstorm                Conj/Ice       47%        3d10      1%          3
 Mephitic Cloud           Conj/Alch/Air  47%        N/A       1%          3
 Ozocubu's Armour         Ice            37%        N/A       1%          3
 Summon Ice Beast         Ice/Summ       30%        N/A       1%          3
 Vampiric Draining        Necr           58%        2d10      1%          3
 Volatile Blastmotes      Fire/Tloc      100%       2d18      1%          3
 Confusing Touch          Hex            13%        N/A       2%          3
 Inner Flame              Hex/Fire       13%        N/A       2%          3
 Passwall                 Erth           13%        N/A       2%          3
 Sigil of Binding         Hex            13%        N/A       2%          3
 Tukima's Dance           Hex            13%        N/A       2%          3
 Maxwell's Portable Pile  Tloc           79%        2d(17-33) 0%          4
 Passage of Golubria      Tloc           79%        N/A       0%          4
 Anguish                  Hex/Necr       18%        N/A       1%          4
 Dispel Undead            Necr           58%        3d21      1%          4
 Flame Wave               Conj/Fire      35%        2d10      1%          4
 Fulminant Prism          Conj/Alch      21%        3d12      1%          4
 Summon Lightning Spire   Summ/Air       40%        N/A       1%          4
 Iskenderun's Battlesphe  Conj           55%        2d11      1%          5
 Olgreb's Toxic Radiance  Alch           28%        N/A       2%          4
 Fireball                 Conj/Fire      17%        3d9       4%          5
 Disjunction              Tloc           39%        N/A       4%          8
 Ignite Poison            Fire/Alch      20%        N/A       5%          4
 Leda's Liquefaction      Alch/Erth      10%        N/A       5%          4
 Petrify                  Alch/Erth      20%        N/A       5%          4
 Sticky Flame             Fire/Alch      20%        2d6       5%          4
 Summon Blazeheart Golem  Fire/Summ      18%        N/A       7%          4
 Cause Fear               Hex            6%         N/A       12%         4
 Metabolic Englaciation   Hex/Ice        12%        N/A       12%         5
 Yara's Violent Unravell  Hex/Alch       10%        3d6       19%         5
 Orb of Destruction       Conj           27%        9d9       26%         7
 Bombard                  Conj/Erth      17%        9d4       30%         6
 Starburst                Conj/Fire      17%        6d6       30%         6
 Lee's Rapid Deconstruct  Erth           6%         3d6*      34%         5
 Sculpt Simulacrum        Ice/Alch       16%        N/A       36%         6
 Eringya's Noxious Bog    Alch           14%        4d6       50%         6
 Permafrost Eruption      Ice/Erth       12%        2x4d4     58%         6
 Summon Cactus Giant      Summ           11%        N/A       67%         6
 Spellforged Servitor     Conj/Summ      20%        N/A       77%         7
 Ozocubu's Refrigeration  Ice            18%        4d11      83%         7
 Maxwell's Capacitive Co  Air            27%        ∞         92%         8
 Summon Hydra             Summ           11%        N/A       99%         7
 Enfeeble                 Hex            6%         N/A       100%        7
 Discord                  Hex            6%         N/A       100%        8
 Fire Storm               Conj/Fire      17%        8d5       100%        9
 Polar Vortex             Ice            18%        12d2*     100%        9
 Dimensional Bullseye     Hex/Tloc       Unusable   N/A       N/A         4
 Animate Armour           Summ/Erth      Unusable   N/A       N/A         4

Dungeon Overview and Level Annotations

Branches:
Dungeon (15/15)            Temple (1/1) D:4            Lair (5/5) D:9
  Swamp (4/4) Lair:3       Spider (4/4) Lair:2        Slime (5/5) Lair:5
    Orc (2/2) D:11            Elf (3/3) Orc:2        Vaults (5/5) D:14
  Crypt (3/3) Vaults:2       Tomb (0/3) Crypt:3      Depths (4/4) D:15
    Zot (5/5) Depths:4    Ossuary (visited)           IceCv (visited)
 WizLab (visited)

Altars:
Ashenzari
Cheibriados
Dithmenos
Elyvilon
Fedhas
Gozag
Hepliaklqana
Kikubaaqudgha
Makhleb
Nemelex Xobeh
Okawaru
Qazlal
Ru
Sif Muna
Trog
Uskayaw
Vehumet
Wu Jian
Xom
Yredelemnul
Zin
The Shining One
Beogh
Jiyva
Lugonu

Shops:
D:5 ?   D:8 (   D:12 (   D:14 **[[   Orc:1 ::=   Orc:2 =:*=**   Elf:1 :?
Elf:2 [[[   Lair:1 =   Lair:5 :   Vaults:1 =*   Zot:2 ?   Depths:1 !
Depths:3 (

Portals:
Hell: Depths:1 Depths:2 Depths:3 Depths:4
Abyss: D:5 Depths:2 Depths:3 Depths:4
Pandemonium: Depths:2 Depths:4
Ziggurat: Depths:3

Annotations:
Zot:3 1 transporter
Zot:4 3 runed translucent doors, Herr's ghost, veteran MiBe


Innate Abilities, Weirdness & Mutations

You are a fearsome dragon!
You have a powerful clawing attack.
Your giant scaled body is strong and resilient, but less evasive.
You can breathe fire.
You are flying.
Your maximum health is greatly increased.
((You have sharp claws.))
((You have razor-sharp teeth.))
You have supernaturally acute eyesight. (SInv)
((Your thick and shaggy fur keeps you warm. (AC +3, rC+)))
((Your paws help you pounce on unaware monsters.))
You are incapable of wielding weapons or throwing items.
You cannot wear armour.
You gain extra lives every three experience levels.
((You are partially covered in iridescent scales. (AC +2)))
You are agile. (Dex +4, Str/Int -1)
Potions are less effective at restoring your health.
Your spells are easier to cast, but less powerful.
You passively dampen the noise of your surroundings.
Your health recovers twice as slowly from being drained.


Message History

A rust devil comes into view.
You can't go up here!
You charge forward with an electric crackle!
You hit the rust devil but do no damage.
You maul the rust devil!!!
You kill the rust devil!
No target in view!
You now have 649 gold pieces (gained 7).
There is an escape hatch in the ceiling here.
A mysterious force pulls you upwards. The hatch slams shut behind you.
Magic restored.
Things that are here:
a +0 robe; a +0 dagger
There is a stone staircase leading up here.
You fly upwards.
There is a stone staircase leading down here.
There is a stone staircase leading up here.
You fly upwards.
There is a stone staircase leading down here.
There is an escape hatch in the ceiling here.
A mysterious force pulls you upwards. The hatch slams shut behind you.
There is a stone staircase leading down here.
An Orb Guardian comes into view.
You charge forward with an electric crackle!
You maul the Orb Guardian and electrocute it!!!
You tail-slap the Orb Guardian. You claw the Orb Guardian!!
The Orb Guardian is almost dead.
The Orb Guardian hits you. The Orb Guardian closely misses you.
You completely miss the Orb Guardian. Your claw misses the Orb Guardian.
You bite the Orb Guardian, but do no damage.
The Orb Guardian is almost dead.
You barely miss the Orb Guardian.
Your tail-slap misses the Orb Guardian.
You claw the Orb Guardian.
You kill the Orb Guardian!
You now have 682 gold pieces (gained 33).
There is an open door here.
You see here a rat skeleton.
You reach down and close the door.
There is a staircase leading out of the dungeon here.
You have escaped!

#.# #.........)......## # #.#
#........#........##### #.#
#........#..#..#....... #.#
#...........#..÷....... #.#
#........##.#..#....... #.#
#.................##### #.##
######+####.......# # #..#
#≈≈)÷~≈≈####.#### # ##.#
#~#~D~#≈# #.# # #.# #~###~#~#
#.# ##
#.########~~~~~~####.### #.
#.......#~#######......#####.
######.###~~~#..'....#.#.....
#.##~##~##.#..###.#..##.
#.##.##....#..#.........
#..#'#######..#.#.#..##.
##...# #..#.#.#..###


There were no monsters in sight!

Vanquished Creatures
  Dissolution (Slime:2)
  the Royal Jelly (Slime:5)
  6 dread liches
  5 orbs of fire
  Tiamat (Zot:4)
  2 ancient liches
  Xtahua (Crypt:2)
  Boris (thrice) (Vaults:2 Depths:1 Depths:2)
  the Lernaean hydra (Swamp:4)
  5 curse toes
  5 Killer Klowns (Zot:5)
  8 golden dragons
  Nikola (Spider:3)
  A pearl dragon (Abyss:3)
  2 profane servitors
  3 bone dragons
  4 electric golems
  A Tzitzimitl (Depths:3)
  Arachne (Spider:4)
  A Hell Sentinel (Abyss:3)
  Mlioglotl (Swamp:3)
  A shard shrike skeleton (Crypt:3)
  Jorgrun (D:13)
  3 deep elf master archers (Elf:3)
  16 acid blobs
  27 tentacled monstrosities
  4 liches
  4 deep elf blademasters
  16 Orb Guardians
  6 quicksilver dragons
  4 titans (Vaults:5)
  4 sphinxes
  11 tentacled starspawn
  2 Executioners (Abyss:3)
  4 ancient champions
  10 death cobs
  9 tengu reavers
  17 shadow dragons
  10 rockslimes
  13 storm dragons
  Donald (Swamp:3)
  8 fire giants
  2 thorn hunters
  3 protean progenitors
  2 revenants
  A demonspawn warmonger (Depths:3)
  2 fenstrider witches
  An iron dragon (Depths:4)
  13 azure jellies
  7 draconian monks
  9 draconian shifters
  3 frost giants
  14 vault wardens
  2 deep elf elementalists (Elf:3)
  4 emperor scorpions
  4 draconian knights
  6 deep elf sorcerers
  A balrug (Depths:3)
  11 ghost moths
  A cacodemon (Abyss:3)
  2 curse skulls
  18 draconian scorchers
  2 demonspawn blood saints
  2 spriggan defenders (Depths:4)
  7 ghouls
  3 reapers
  5 draconian stormcallers
  An orc warlord (Vaults:2)
  12 ironbound preservers
  9 quicksilver oozes
  A demonspawn corrupter (Abyss:3)
  8 ironbound thunderhulks
  5 draconian annihilators
  5 formless jellyfish
  8 deep elf demonologists
  A rockslime zombie (Crypt:2)
  A caustic shrike skeleton (Crypt:3)
  6 eleionomae
  13 stone giants
  14 very ugly things
  5 black draconians
  6 deep elf death magi
  A war gargoyle (Vaults:4)
  4 bunyips
  11 vampire knights
  2 lorocyprocas
  20 purple draconians
  13 red draconians
  20 green draconians
  6 dire elephants
  18 spark wasps
  10 yellow draconians
  7 white draconians
  An orange crystal statue (WizLab)
  12 deep elf annihilators
  5 eidola
  A blizzard demon (Abyss:3)
  2 crystal guardians (Vaults:3)
  9 fire dragons
  15 ettins
  3 green deaths
  6 entropy weavers
  A merfolk impaler (Depths:1)
  3 deep elf high priests (Elf:3)
  8 jiangshi (Crypt:1)
  A quicksilver dragon skeleton (Crypt:3)
  A spriggan zombie (Abyss:3)
  10 yaktaur captains
  11 great orbs of eyes
  28 vault guards
  A great orb of eyes (shapeshifter) (Depths:3)
  7 ice dragons
  8 rakshasas
  22 hydras
  Josephine (Lair:4)
  3 ghost crabs
  3 peacekeepers
  5 jorogumos (Spider:4)
  7 centaur warriors
  The ghost of 601d51SH the Blocker, a journeyman GnFi of Hepliaklqana (D:12)
  2 catoblepae
  A caustic shrike simulacrum (Abyss:3)
  Erica (D:9)
  12 alligators
  4 ogre magi (Orc:2)
  10 ironbound frosthearts
  3 death knights
  3 radroaches
  A two-headed ogre (shapeshifter) (Vaults:4)
  17 two-headed ogres
  A satyr (shapeshifter) (Vaults:4)
  6 death yaks
  5 boulder beetles
  A fenstrider witch skeleton (Swamp:1)
  31 dancing weapons
  4 deep troll earth magi
  5 hell hogs
  3 deep troll shamans (Depths:1)
  A sphinx skeleton (Crypt:3)
  17 thrashing horrors
  A spriggan berserker (Depths:2)
  6 demonic crawlers
  8 tengu warriors
  The ghost of sychorax the Martial Artist, a novice OpEE of Gozag (D:7)
  4 vampire magi
  An orc high priest (Orc:1)
  8 sun demons
  20 deep elf knights
  A storm dragon zombie (Zot:2)
  3 pharaoh ants
  2 sixfirhies
  29 skeletal warriors
  A titan skeleton (Crypt:2)
  9 wretched stars
  6 skysharks
  4 shadow wraiths (Depths:3)
  4 iron trolls
  A spatial maelstrom (Abyss:3)
  2 bunyip zombies
  34 deep trolls
  2 death drakes (Abyss:3)
  6 goliath frogs
  3 spriggan druids
  An orb spider (shapeshifter) (Vaults:4)
  3 glowing orange brains
  5 shadow demons
  A spark wasp zombie (Crypt:1)
  4 sun moths
  5 flayed ghosts
  7 arcanists
  4 lindwurms
  13 swamp dragons
  An iron giant skeleton (Crypt:3)
  14 deep elf archers
  19 orb spiders
  2 necromancers
  2 thermic dynamos (Elf:2)
  An orc knight (Vaults:5)
  Pikel (D:8)
  37 starcursed masses
  2 harpies
  11 bog bodies
  25 deep elf zephyrmancers
  30 deep elf pyromancers
  9 phantasmal warriors
  13 wolf spiders
  A shadow dragon skeleton (Crypt:3)
  An eleionoma zombie (Crypt:1)
  24 ironbound convokers
  A faun (shapeshifter) (Vaults:4)
  7 steelbarb worms
  2 oklob plants
  2 cyclopes
  A manticore (shapeshifter) (Vaults:5)
  29 ugly things
  3 shining eyes
  8 will-o-the-wisps
  6 manticores
  A meliai (shapeshifter) (D:13)
  5 worldbinders
  13 elephants
  9 meliai
  30 moths of wrath
  A moth of wrath (shapeshifter) (Vaults:5)
  An elephant (shapeshifter) (Vaults:5)
  An orc sorcerer (Orc:1)
  Maurice (D:10)
  3 ice statues (IceCv)
  2 salamanders (Depths:1)
  A guardian serpent (Abyss:3)
  29 large abominations
  67 slime creatures
  An apocalypse crab (Abyss:3)
  8 vault sentinels
  A water nymph (Abyss:3)
  3 black mambas
  An eleionoma skeleton (Crypt:2)
  3 molten gargoyles (Lair:5)
  2 rust devils
  A dire elephant zombie (Abyss:3)
  5 torpor snails
  11 smoke demons
  4 eyes of devastation
  A black mamba (shapeshifter) (Elf:2)
  12 cane toads
  5 gargoyles
  7 rime drakes
  3 orange demons
  14 komodo dragons
  16 yaktaurs
  3 hellions
  An unseen horror zombie (D:7)
  3 unseen horrors
  Jeremiah (D:7)
  An efreet (D:9)
  2 ice devils (Abyss:2)
  6 tengu conjurers
  9 freezing wraiths
  A red devil (Abyss:3)
  7 ancient zymes (Abyss:3)
  34 tarantellas
  A harpy zombie (Abyss:3)
  7 tyrant leeches
  2 queen bees
  A sun moth zombie (Crypt:1)
  2 bloated husks
  8 hornets
  A moth of wrath zombie (Crypt:3)
  8 trolls
  23 blink frogs
  2 polar bears
  2 glass eyes
  An ice dragon zombie (Crypt:3)
  13 raiju
  39 jumping spiders
  A dream sheep (shapeshifter) (Depths:3)
  A jumping spider (shapeshifter) (D:14)
  28 culicivoras
  7 spriggans
  A satyr skeleton (Crypt:2)
  5 shadows (Swamp:4)
  A black mamba skeleton (Crypt:3)
  2 air elementals
  15 wraiths
  6 wyverns
  7 water elementals
  2 yaks (shapeshifter)
  A human (shapeshifter) (Abyss:2)
  6 ynoxinuls
  46 yaks
  A spriggan skeleton (Swamp:1)
  9 basilisks
  A dire elephant simulacrum (IceCv)
  9 humans (D:14)
  4 golden eyes
  A basilisk (shapeshifter) (Vaults:5)
  3 neqoxecs (Abyss:3)
  2 death yak simulacra (IceCv)
  Grum (D:8)
  65 redbacks
  A spriggan simulacrum (Swamp:1)
  9 vampire mosquitoes
  5 steam dragons
  A water nymph zombie (Crypt:1)
  5 chaos spawn
  9 hell hounds
  15 swamp worms
  2 acid dragons (D:12)
  A glowing shapeshifter skeleton (Crypt:2)
  A hydra simulacrum (IceCv)
  A swamp worm (shapeshifter) (Vaults:4)
  A faun skeleton (Crypt:2)
  A merfolk skeleton (Crypt:2)
  13 water moccasins
  2 naga skeletons
  30 laughing skulls
  A sky beast (D:6)
  12 orc warriors
  7 swamp drakes
  30 ogres
  A wolf (shapeshifter) (Abyss:3)
  15 wolves
  13 centaurs
  4 boggarts
  A snapping turtle skeleton (Crypt:1)
  A hog zombie (Crypt:2)
  3 lemures (D:8)
  A swamp dragon skeleton (Crypt:1)
  2 phantoms (D:5)
  Blork the orc (D:5)
  2 kobold brigands
  2 elf zombies (Ossuary)
  14 bullfrogs
  2 weeping skulls (Abyss:3)
  An elf skeleton (Crypt:2)
  4 earth elementals
  3 scorpions
  A gnoll sergeant (D:10)
  14 small abominations
  4 wights (Abyss:3)
  An elephant simulacrum (IceCv)
  46 killer bees
  4 electric eels
  10 howler monkeys
  A wolf skeleton (Crypt:2)
  5 lava snakes (Lair:5)
  A bombardier beetle (D:6)
  3 crimson imps
  A human zombie (Ossuary)
  A quasit (Abyss:3)
  2 centaur zombies (Ossuary)
  A hound (D:7)
  10 jellies
  2 gnoll boudas
  11 orc priests
  A spectral scorpion (Ossuary)
  An iron imp (Abyss:3)
  A sleepcap (D:6)
  A centaur skeleton (D:7)
  2 hell rats (Lair:3)
  2 iguanas
  8 orc wizards
  A wolf simulacrum (IceCv)
  2 crocodile zombies (Ossuary)
  2 spectral hounds (Ossuary)
  A centaur simulacrum (D:7)
  A deep dwarf skeleton (Crypt:1)
  A mummy (Ossuary)
  6 gnolls
  A howler monkey skeleton (Crypt:3)
  4 adders
  A hound simulacrum (Ossuary)
  2 shadow imps
  6 white imps
  8 ufetubi
  3 spectral adders (Ossuary)
  5 dart slugs
  2 ribbon worms
  An adder simulacrum (Ossuary)
  48 orcs
  3 bats
  A bat skeleton (Crypt:1)
  5 endoplasms
  9 giant cockroaches
  5 gnoll zombies
  5 goblins
  9 hobgoblins
  2 jackals (D:1)
  3 ball pythons
  3 frilled lizards
  2 gnoll simulacra (Ossuary)
  A goblin zombie (D:4)
  A jackal simulacrum (Ossuary)
  20 kobolds
  2 kobold zombies (Ossuary)
  7 orc zombies (Ossuary)
  11 rats
  A rat zombie (D:4)
  A spectral jackal (Ossuary)
  4 aspiring fleshes
  2 lurking horrors (Abyss:3)
  2 snaplasher vines (Spider:3)
  7 starspawn tentacles
2528 creatures vanquished.

Vanquished Creatures (collateral kills)
  An ancient lich (Zot:5)
  Boris (twice) (Vaults:1 Crypt:1)
  A Killer Klown (Zot:5)
  Norris (Depths:3)
  2 tentacled monstrosities (Zot:1)
  A lich (Crypt:3)
  2 Orb Guardians (Zot:5)
  3 acid blobs (Slime:5)
  A sphinx (Vaults:4)
  2 tentacled starspawn (Abyss:3)
  A shadow dragon (Vaults:5)
  A storm dragon (Zot:1)
  A draconian monk (Zot:5)
  A rockslime (Slime:4)
  2 azure jellies
  An emperor scorpion (Spider:3)
  3 vault wardens (Vaults:5)
  A deep elf sorcerer (Elf:3)
  5 ironbound preservers
  2 very ugly things
  A quicksilver ooze (Slime:1)
  A draconian annihilator (Zot:1)
  3 formless jellyfish
  A deep elf death mage (Elf:3)
  A green draconian (Zot:1)
  A deep elf annihilator (Elf:3)
  4 yellow draconians
  3 red draconians
  2 purple draconians
  A war gargoyle (Vaults:5)
  4 black draconians
  2 spark wasps
  3 white draconians (Zot:1)
  An ettin (Depths:1)
  A yaktaur captain (Vaults:5)
  2 great orbs of eyes
  A deep elf high priest (Elf:3)
  A rakshasa (Depths:1)
  8 vault guards
  A satyr (Abyss:3)
  5 dancing weapons (Elf:2)
  A two-headed ogre (D:6)
  A tengu warrior (Depths:3)
  A vampire mage (Depths:3)
  4 deep troll shamans
  A hell hog (Abyss:3)
  2 deep troll earth magi
  A deep elf knight (Elf:2)
  A shock serpent (shapeshifter) (Vaults:5)
  2 sun demons (Depths:1)
  A shadow wraith (Depths:3)
  A skyshark (Depths:3)
  A skyshark (shapeshifter) (Vaults:5)
  3 iron trolls
  11 deep trolls
  A flayed ghost (Crypt:2)
  An arcanist (Vaults:4)
  3 ironbound convokers
  2 deep elf zephyrmancers (Elf:2)
  3 shining eyes
  4 ugly things
  2 moths of wrath
  2 large abominations (Abyss:3)
  A tengu conjurer (Depths:1)
  A bloated husk (Swamp:4)
  A hornet (Vaults:5)
  A blink frog (Lair:1)
  An air elemental (Elf:3)
  20 slime creatures
  A ynoxinul (Abyss:3)
  A water elemental (Depths:3)
  2 yaks (D:8)
  2 golden eyes
  A chaos spawn (Abyss:3)
  A water moccasin (D:5)
  A hell hound (Depths:1)
  2 ice beasts
  2 black bears
  6 starcursed masses (Abyss:3)
  A wolf (Lair:1)
  A lemure (D:8)
  A kobold brigand (D:5)
  A brain worm (Abyss:3)
  A bullfrog (D:3)
  A scorpion (D:5)
  2 small abominations (Abyss:3)
  A howler monkey (D:6)
  A crimson imp (D:4)
  2 human zombies (Ossuary)
  An orc priest (D:4)
  Crazy Yiuf (D:5)
  An orc wizard (D:5)
  2 spectral hounds (Ossuary)
  A scorpion simulacrum (Ossuary)
  A mummy (Ossuary)
  A spectral howler monkey (D:7)
  3 gnolls
  3 adders
  2 hound simulacra (Ossuary)
  A shadow imp (D:5)
  3 ufetubi (Abyss:3)
  A spectral gnoll (Ossuary)
  2 adder simulacra (Ossuary)
  7 orcs
  An endoplasm (D:3)
  4 giant cockroaches
  A hobgoblin (D:2)
  A ball python (D:4)
  A bat (D:3)
  A frilled lizard (D:3)
  A gnoll simulacrum (Ossuary)
  A gnoll zombie (Ossuary)
  A jackal simulacrum (Ossuary)
  5 kobolds
  2 kobold zombies (Ossuary)
  3 starspawn tentacles (Abyss:3)
238 creatures vanquished.

Vanquished Creatures (others)
  3 Killer Klowns (Zot:5)
  A golden dragon (Zot:5)
  2 tentacled monstrosities (Zot:5)
  9 Orb Guardians (Zot:5)
  A quicksilver dragon (Zot:5)
  A thorn hunter (Swamp:4)
  A storm dragon (Zot:5)
  A red draconian (Zot:1)
  A vault guard (D:14)
  2 orb spiders
  A deep elf zephyrmancer (Elf:1)
  2 moths of wrath (Zot:5)
  A bloated husk (Swamp:1)
  A human (D:14)
  A vampire mosquito (Swamp:1)
  24 foxfires
  3 lurking horrors (Abyss:3)
  21 snaplasher vines
  10 starspawn tentacles
86 creatures vanquished.

Grand Total: 2852 creatures vanquished

Notes
Turn   | Place    | Note
-------+----------+-------------------------------------------
     0 | D:1      | DimondSprtn the Felid Hedge Wizard began the quest for the
                  | Orb.
     0 | D:1      | Reached XP level 1. HP: 9/9 MP: 5/5
   305 | D:1      | Reached skill level 1 in Unarmed Combat
   337 | D:1      | Reached XP level 2. HP: 14/14 MP: 1/7
   396 | D:1      | Learned a level 2 spell: Blink
   399 | D:1      | Learned a level 2 spell: Call Imp
  1014 | D:2      | Found a faded altar of an unknown god.
  1052 | D:2      | Reached skill level 1 in Fighting
  1528 | D:2      | Reached XP level 3. HP: 18/18 MP: 5/8
  1532 | D:2      | Learned a level 3 spell: Mephitic Cloud
  2570 | D:3      | Found an opulent altar of Gozag.
  2579 | D:3      | Reached XP level 4. HP: 22/22 MP: 9/9
  2579 | D:3      | Gained a life (2 lives remaining)
  2590 | D:3      | Became a worshipper of Gozag Ym Sagoz the Greedy
  2925 | D:3      | Noticed a bullfrog
  2954 | D:3      | Killed a bullfrog
  2955 | D:3      | Reached skill level 5 in Dodging
  2955 | D:3      | Reached XP level 5. HP: 20/25 MP: 3/10
  3572 | D:3      | Killed from afar by a white imp
  3572 | D:3      | Lost a life (1 life remaining)
  3617 | D:3      | HP: 1/25 [gnoll/+0 whip[a gnoll bouda] (4)]
  3668 | D:3      | Reached skill level 1 in Conjurations
  3774 | D:4      | Found a sand-covered staircase.
  3811 | D:4      | Noticed a black bear
  3832 | Ossuary  | Entered an ossuary
  4030 | Ossuary  | Reached skill level 1 in Air Magic
  4030 | Ossuary  | Reached skill level 1 in Alchemy
  4070 | Ossuary  | Gained mutation: You are covered in thick fur. (AC +2)
                  | [Felid growth]
  4070 | Ossuary  | Reached XP level 6. HP: 23/28 MP: 7/11
  4828 | Ossuary  | Reached XP level 7. HP: 33/33 MP: 7/12
  4828 | Ossuary  | Gained a life (2 lives remaining)
  5732 | D:4      | Noticed a +0 dagger
  5732 | D:4      | You are sucked into a shaft and drop 1 floor!
  5732 | D:5      | Entered Level 5 of the Dungeon
  5740 | D:5      | Noticed Blork the orc
  5749 | D:5      | Found a blossoming altar of Fedhas.
  5772 | D:5      | Killed Blork the orc
  5819 | D:5      | Found a sacrificial altar of Ru.
  5866 | D:5      | Reached XP level 8. HP: 34/37 MP: 2/14
  6384 | D:4      | Found a staircase to the Ecumenical Temple.
  6393 | Temple   | Entered the Ecumenical Temple
  6539 | D:4      | Noticed a +0 hand axe
  6540 | D:4      | Found a hide-covered altar of Uskayaw.
  6649 | D:4      | Found the +7 Throatcutter {drain, coup de grace}
  6859 | D:4      | Found a shimmering altar of Xom.
  6918 | D:4      | Reached skill level 5 in Spellcasting
  7325 | D:5      | Found a broken altar of Ashenzari.
  7387 | D:5      | HP: 1/39 [poisoned by a water moccasin]
  7659 | D:5      | Found a runed translucent door.
  7660 | D:5      | Noticed Crazy Yiuf
  7678 | D:5      | Found a large runed translucent door.
  7678 | D:5      | Found a large runed translucent door.
  7720 | D:5      | Found a one-way gate to the infinite horrors of the Abyss.
  7720 | D:5      | Identified the +6 rapier "Gal Besm" {distort, rN++ Dex-3}
  7780 | D:5      | Killed Crazy Yiuf
  7868 | D:5      | Found a corrupted altar of Lugonu.
  7979 | D:5      | Found an ancient bone altar of Kikubaaqudgha.
  8462 | D:6      | Noticed a two-headed ogre
  8668 | D:6      | Noticed a troll
  8884 | D:6      | Killed a troll
  8885 | D:6      | Reached XP level 9. HP: 22/46 MP: 9/17
  9051 | D:6      | Found a stormy altar of Qazlal.
  9233 | D:6      | Found a basalt altar of Yredelemnul.
  9510 | D:6      | Killed a two-headed ogre
  9511 | D:6      | Reached skill level 5 in Fighting
  9511 | D:6      | Reached skill level 5 in Unarmed Combat
  9963 | D:7      | Learned a level 5 spell: Freezing Cloud
 10156 | D:7      | Noticed Jeremiah
 10164 | D:7      | Killed Jeremiah
 10165 | D:7      | Reached skill level 1 in Ice Magic
 10384 | D:7      | Found a runed translucent gate.
 10385 | D:7      | Found a runed translucent gate.
 10410 | D:7      | Found a runed translucent gate.
 10433 | D:7      | Noticed sychorax's ghost (novice OpEE)
 10749 | D:8      | Reached XP level 10. HP: 45/53 MP: 18/18
 10823 | D:8      | Found Dirimaet's Antique Weapon Shoppe.
 10884 | D:8      | Noticed Pikel
 10931 | D:8      | Killed Pikel
 10932 | D:8      | Reached skill level 5 in Conjurations
 10932 | D:8      | Reached skill level 5 in Air Magic
 11324 | D:8      | Noticed Grum
 11443 | D:8      | Found a shimmering blue altar of Sif Muna.
 11469 | D:8      | Killed Grum
 11564 | D:8      | Noticed a two-headed ogre
 11589 | D:8      | Killed a two-headed ogre
 12039 | D:9      | Noticed a two-headed ogre
 12324 | D:8      | Reached XP level 11. HP: 33/56 MP: 12/19
 12795 | D:9      | Identified the ring "Goigaot" {Ice Int+4}
 12795 | D:9      | Noticed a tengu warrior
 13009 | D:9      | Killed a two-headed ogre
 13300 | D:9      | Found a staircase to the Lair.
 13516 | D:9      | Noticed Erica
 13519 | D:9      | Noticed a deep elf pyromancer
 13522 | D:9      | Killed Erica
 13540 | D:9      | Killed a deep elf pyromancer
 13671 | D:9      | Noticed a centaur warrior
 13752 | D:9      | Shot with an arrow by a centaur warrior
 13752 | D:9      | Lost a life (1 life remaining)
 13753 | D:9      | Killed a centaur warrior
 13767 | D:9      | Identified the amulet "Vusoom" {Acrobat Rampage rElec Will-
                  | Str+8}
 13767 | D:9      | Noticed a centaur warrior
 13991 | D:9      | Killed a tengu warrior
 14299 | D:10     | Entered Level 10 of the Dungeon
 14644 | D:10     | Noticed Maurice
 14654 | D:10     | Killed Maurice
 15059 | D:10     | Found a shadowy altar of Dithmenos.
 15648 | D:11     | Reached skill level 5 in Ice Magic
 16271 | D:11     | Noticed a two-headed ogre
 16284 | D:11     | Killed a two-headed ogre
 16384 | D:11     | Found a staircase to the Orcish Mines.
 16636 | D:11     | Gained mutation: Your thick and shaggy fur keeps you warm.
                  | (AC +3, rC+) [Felid growth]
 16636 | D:11     | Reached XP level 12. HP: 42/61 MP: 20/23
 16636 | D:11     | Gained a life (2 lives remaining)
 16977 | D:11     | Found a roughly hewn altar of Beogh.
 17232 | D:9      | Noticed a tengu warrior
 17245 | D:9      | Killed from afar by a manticore
 17245 | D:9      | Lost a life (1 life remaining)
 17277 | D:9      | Killed a tengu warrior
 17547 | D:5      | Learned a level 3 spell: Hailstorm
 17551 | D:5      | Learned a level 3 spell: Summon Ice Beast
 17652 | D:7      | Killed sychorax's ghost
 17653 | D:7      | Reached skill level 10 in Dodging
 17898 | Lair:1   | Entered Level 1 of the Lair of Beasts
 17901 | Lair:1   | Bought the ring "Fantiekova" {rElec rPois AC+4 Int+5
                  | Slay+2} for 1023 gold pieces
 18173 | Lair:1   | Bought the amulet "Pebihaja" {Harm Regen+ Dex+3 SInv} for
                  | 665 gold pieces
 19447 | Lair:2   | Learned a level 5 spell: Arcjolt
 19552 | Lair:2   | Found a hole to the Spider Nest.
 20076 | Lair:2   | Reached XP level 13. HP: 67/67 MP: 20/24
 20076 | Lair:2   | Gained a life (2 lives remaining)
 21389 | Lair:3   | Found a stormy altar of Qazlal.
 22184 | Lair:3   | Found a staircase to the Swamp.
 22577 | Lair:3   | Reached skill level 10 in Fighting
 22577 | Lair:3   | Reached skill level 10 in Unarmed Combat
 22712 | Lair:3   | Identified the ring of Xoolorof {Fire rN+}
 22850 | Lair:3   | Reached skill level 1 in Shapeshifting
 23503 | Lair:4   | Noticed Josephine
 23513 | Lair:4   | Killed Josephine
 23874 | Lair:4   | Reached XP level 14. HP: 68/77 MP: 19/25
 24086 | Lair:5   | Entered Level 5 of the Lair of Beasts
 24197 | Lair:5   | Reached skill level 5 in Shapeshifting
 25081 | Lair:5   | Found a staircase to the Slime Pits.
 25222 | Lair:5   | Identified a scroll of acquirement
 25721 | Lair:5   | Found a large runed translucent door.
 25721 | Lair:5   | Found a large runed translucent door.
 27017 | D:12     | Found a runed translucent door.
 27017 | D:12     | Noticed 601d51SH's ghost (journeyman GnFi)
 27497 | D:12     | Reached skill level 10 in Shapeshifting
 28124 | D:12     | Found Godu Nie's Antique Weapon Boutique.
 28370 | D:12     | Reached skill level 15 in Dodging
 28420 | D:12     | Reached XP level 15. HP: 80/80 MP: 15/26
 28972 | D:12     | Killed 601d51SH's ghost
 29059 | Orc:1    | Entered Level 1 of the Orcish Mines
 29202 | Orc:2    | Entered Level 2 of the Orcish Mines
 29455 | Orc:1    | Found a frozen archway.
 29504 | IceCv    | Entered an ice cave
 29603 | IceCv    | Got the Commentary on the Scalding Deep Freeze
 30502 | IceCv    | Got the Precepts of the Coruscating Fairies
 31187 | Orc:2    | Found Liab's General Store.
 31190 | Orc:2    | Found Byall's General Store.
 31190 | Orc:2    | Found Cediumia's General Store.
 31190 | Orc:2    | Found Rush's Jewellery Shop.
 31239 | Orc:2    | Bought a Gell's gravitambourine (2/2) for 480 gold pieces
 31614 | Orc:2    | Found a staircase to the Elven Halls.
 31756 | Orc:1    | Bought the macabre finger necklace {Finger+ rN+} for 800
                  | gold pieces
 31756 | Orc:1    | Found the macabre finger necklace {Finger+ rN+}
 31807 | Orc:2    | Bought the ring of Vehumet's Approval {AC+4 Dex+4} for 616
                  | gold pieces
 31809 | Orc:2    | Bought a dragon-blood talisman for 720 gold pieces
 31812 | Orc:2    | Bought a potion of curing for 42 gold pieces
 31812 | Orc:2    | Bought a potion of brilliance for 56 gold pieces
 31812 | Orc:2    | Bought a scroll of teleportation for 42 gold pieces
 31813 | Orc:2    | Bought a potion of brilliance for 48 gold pieces
 32289 | D:13     | Noticed Jorgrun
 32307 | D:13     | Killed Jorgrun
 33086 | D:13     | Found a runed translucent door.
 33188 | D:14     | Found Vayfuq's Assorted Antiques.
 33439 | D:14     | Found Ogram's Armour Shop.
 33547 | D:14     | Found Mengac's Armour Shop.
 33715 | D:14     | Found Axoekh's Assorted Antiques.
 33738 | D:14     | Bought a potion of curing for 69 gold pieces
 33738 | D:14     | Acquired 985 gold pieces
 33740 | D:14     | Acquired a manual of Translocations
 34029 | D:14     | Reached skill level 5 in Translocations
 34114 | D:14     | Found a gate to the Vaults.
 34273 | D:14     | Learned a level 6 spell: Gell's Gavotte
 34398 | D:15     | Entered Level 15 of the Dungeon
 34523 | Orc:1    | Bought a book of Displacement for 480 gold pieces
 34968 | D:15     | Learned a level 2 spell: Lesser Beckoning
 35112 | D:15     | Reached XP level 16. HP: 87/87 MP: 15/28
 35180 | D:15     | Found a staircase to the Depths.
 35807 | Spider:1 | Entered Level 1 of the Spider Nest
 36021 | Spider:1 | Reached skill level 10 in Translocations
 37395 | Spider:2 | Reached skill level 15 in Translocations
 38855 | Spider:2 | Learned a level 6 spell: Dispersal
 39249 | Spider:2 | HP: 5/104 [culicivora (16)]
 39936 | Orc:1    | Bought a Fen Folio for 714 gold pieces
 40816 | Spider:3 | Learned a level 5 spell: Summon Forest
 40931 | Spider:3 | Noticed Nikola
 40942 | Spider:3 | HP: 1/104 [Nikola/arc of chain lightning (55)]
 40943 | Spider:3 | Killed Nikola
 41528 | Spider:3 | Reached skill level 10 in Spellcasting
 42377 | Spider:4 | Entered Level 4 of the Spider Nest
 42648 | Spider:4 | Reached XP level 17. HP: 91/91 MP: 27/32
 43929 | Spider:4 | Noticed Arachne
 43946 | Spider:4 | Killed Arachne
 45475 | Spider:4 | Got a gossamer rune of Zot
 46637 | Swamp:1  | Entered Level 1 of the Swamp
 47926 | Swamp:2  | Reached skill level 15 in Shapeshifting
 48159 | Swamp:2  | Killed from afar by an eleionoma
 48159 | Swamp:2  | Lost a life (1 life remaining)
 48708 | Swamp:2  | Reached XP level 18. HP: 96/96 MP: 25/33
 48708 | Swamp:2  | Gained a life (2 lives remaining)
 49274 | Swamp:3  | Got the Grimoire of Shocking Rallying
 49277 | Swamp:3  | Noticed Donald
 49287 | Swamp:3  | Killed Donald
 49754 | Swamp:3  | Noticed Mlioglotl
 49767 | Swamp:3  | Killed Mlioglotl
 50280 | Swamp:4  | Entered Level 4 of the Swamp
 50448 | Swamp:4  | Killed from afar by a bog body
 50448 | Swamp:4  | Lost a life (1 life remaining)
 51320 | Swamp:4  | Got a decaying rune of Zot
 51326 | Swamp:4  | Noticed the 27-headed Lernaean hydra
 51334 | Swamp:4  | Killed the 27-headed Lernaean hydra
 52549 | Elf:1    | Entered Level 1 of the Elven Halls
 52552 | Elf:1    | Bought a scroll of acquirement for 884 gold pieces
 52552 | Elf:1    | Bought a scroll of blinking for 127 gold pieces
 52552 | Elf:1    | Bought a scroll of butterflies for 68 gold pieces
 52552 | Elf:1    | Acquired 806 gold pieces
 52556 | Elf:1    | Bought a book of Movement for 480 gold pieces
 53575 | Elf:1    | Found an ancient bone altar of Kikubaaqudgha.
 53660 | Elf:1    | Learned a level 4 spell: Vhi's Electric Charge
 54037 | Elf:1    | Reached XP level 19. HP: 104/104 MP: 28/35
 54037 | Elf:1    | Gained a life (2 lives remaining)
 55179 | Elf:2    | Found a huge runed translucent gate.
 55179 | Elf:2    | Found a huge runed translucent gate.
 55179 | Elf:2    | Found a huge runed translucent gate.
 55179 | Elf:2    | Found a huge runed translucent gate.
 55179 | Elf:2    | Found a huge runed translucent gate.
 55324 | Elf:2    | Found Qemiddec's Antique Armour Emporium.
 55324 | Elf:2    | Found Dyzeivvo's Antique Armour Shoppe.
 55464 | Elf:2    | Found Raetwum's Armour Emporium.
 56712 | Elf:3    | Entered Level 3 of the Elven Halls
 56853 | Elf:2    | Found a radiant altar of Vehumet.
 57864 | Elf:3    | Reached skill level 15 in Fighting
 57864 | Elf:3    | Reached skill level 15 in Unarmed Combat
 58000 | Elf:3    | Identified the +6 spear of Subterfuge {speed, rPois rC+
                  | Str+2 Dex+2}
 58121 | Elf:3    | Identified the amulet "Nakuf" {Reflect SH+5 SInv}
 58387 | Elf:3    | Identified the +11 battleaxe "Egheok" {heavy, rElec}
 58512 | Elf:3    | Identified the +0 falchion of Ukkal {vamp, rElec rC+ Str+6}
 58778 | Elf:3    | Reached XP level 20. HP: 114/114 MP: 10/36
 59002 | Elf:3    | Identified the staff of Imbalance {rPois Dex+3 Alchemy}
 59830 | Vaults:1 | Entered Level 1 of the Vaults
 59830 | Vaults:1 | Found Fixinorogg's Assorted Antiques.
 59836 | Vaults:1 | Bought a potion of curing for 123 gold pieces
 59836 | Vaults:1 | Bought a potion of haste for 410 gold pieces
 60099 | Vaults:1 | Identified the +4 robe of Loififyg {rCorr Slay+3}
 60099 | Vaults:1 | Noticed Boris
 60108 | Vaults:1 | Killed Boris
 62625 | Vaults:2 | Identified the +2 robe of Piem {+Inv Str+3 Int+3}
 62625 | Vaults:2 | Noticed Boris
 62640 | Vaults:2 | Killed Boris
 63042 | Vaults:2 | Found a staircase to the Crypt.
 63960 | Vaults:3 | Found a flickering gateway to a bazaar.
 63977 | Bazaar   | Entered a bazaar
 63977 | Bazaar   | Found Uwouck's Distillery.
 63977 | Bazaar   | Found Daydua's Assorted Antiques.
 63995 | Bazaar   | Bought a scroll of acquirement for 1196 gold pieces
 63997 | Bazaar   | Acquired a manual of Stealth
 64007 | Bazaar   | Bought a potion of curing for 21 gold pieces
 64007 | Bazaar   | Bought a potion of brilliance for 28 gold pieces
 64007 | Bazaar   | Bought a potion of brilliance for 28 gold pieces
 64007 | Bazaar   | Bought a potion of cancellation for 56 gold pieces
 64007 | Bazaar   | Bought a potion of might for 28 gold pieces
 64007 | Bazaar   | Bought a potion of curing for 21 gold pieces
 64013 | Bazaar   | Bought a scroll of teleportation for 69 gold pieces
 64026 | Vaults:3 | Learned a level 3 spell: Fugue of the Fallen
 64213 | Vaults:3 | Reached skill level 5 in Stealth
 64419 | Vaults:3 | Reached XP level 21. HP: 121/121 MP: 32/37
 64419 | Vaults:3 | Reached XP level 22. HP: 126/126 MP: 32/38
 64889 | Vaults:3 | Reached skill level 10 in Stealth
 65331 | Vaults:4 | Found a magical portal.
 65434 | WizLab   | Entered Wucad Mu's Monastery
 65637 | WizLab   | Found the crystal ball of Wucad Mu {*channel}
 65644 | WizLab   | Reached skill level 15 in Stealth
 65881 | WizLab   | Reached XP level 23. HP: 133/133 MP: 39/39
 67627 | Crypt:1  | Entered Level 1 of the Crypt
 68962 | Crypt:1  | Identified the +4 robe "Ruliqat" {rElec Int+4 Archmagi}
 68962 | Crypt:1  | Noticed Boris
 68969 | Crypt:1  | Killed Boris
 69183 | Crypt:1  | You are sucked into a shaft and drop 1 floor!
 69457 | Crypt:2  | Noticed Xtahua
 69959 | Crypt:2  | HP: 4/210 [Xtahua/searing blast (45)]
 69963 | Crypt:2  | Killed Xtahua
 70708 | Crypt:3  | Entered Level 3 of the Crypt
 71079 | Crypt:3  | Found a staircase to the Tomb.
 71220 | Crypt:3  | Noticed a curse toe
 71231 | Crypt:3  | Killed a curse toe
 71232 | Crypt:3  | Reached XP level 24. HP: 145/145 MP: 13/39
 71911 | Crypt:3  | Noticed a dread lich
 71917 | Crypt:3  | Identified the amulet of Rimuwad {Faith rPois Regen+}
 71917 | Crypt:3  | Identified the ring of Fiewoma {Fly rN++}
 71922 | Crypt:3  | Killed a dread lich
 71923 | Crypt:3  | Reached skill level 5 in Necromancy
 71923 | Crypt:3  | Noticed a dread lich
 71927 | Crypt:3  | Killed a dread lich
 72004 | Crypt:3  | Got the Elucidation of Location
 72007 | Crypt:3  | Learned a level 1 spell: Apportation
 72007 | Crypt:3  | Identified the staff of Crystal {rN+ Stlth+ Necro Air}
 72344 | Orc:1    | Bought the Elucidation of the Calid Departed for 612 gold
                  | pieces
 72351 | Orc:1    | Learned a level 6 spell: Death Channel
 72458 | Depths:1 | Entered Level 1 of the Depths
 72554 | Depths:1 | Found a gateway to Hell.
 73582 | Depths:1 | Found Liafor's Distillery.
 73614 | Depths:1 | Bought a potion of heal wounds for 80 gold pieces
 73614 | Depths:1 | Bought a potion of heal wounds for 80 gold pieces
 73614 | Depths:1 | Gained mutation: Potions are less effective at restoring
                  | your health. [potion of mutation]
 73614 | Depths:1 | Gained mutation: You are frail. (-10% HP) [potion of
                  | mutation]
 73614 | Depths:1 | Gained mutation: You are dopey. (Int -2) [potion of
                  | mutation]
 73614 | Depths:1 | Gained mutation: You are strong-willed. (Will+) [potion of
                  | mutation]
 73615 | Depths:1 | Lost mutation: You are strong-willed. (Will+) [potion of
                  | mutation]
 73615 | Depths:1 | Lost mutation: You are dopey. (Int -2) [potion of mutation]
 73615 | Depths:1 | Lost mutation: Potions are less effective at restoring your
                  | health. [potion of mutation]
 73615 | Depths:1 | Gained mutation: You possess an exceptional clarity of
                  | mind. [potion of mutation]
 73615 | Depths:1 | Gained mutation: You have hidden genetic potential. [potion
                  | of mutation]
 73616 | Depths:1 | Lost mutation: You possess an exceptional clarity of mind.
                  | [potion of mutation]
 73616 | Depths:1 | Lost mutation: You have hidden genetic potential. [potion
                  | of mutation]
 73616 | Depths:1 | Lost mutation: You are frail. (-10% HP) [potion of
                  | mutation]
 73616 | Depths:1 | Gained mutation: You have very sharp fingernails. [potion
                  | of mutation]
 73616 | Depths:1 | Gained mutation: You are partially covered in iridescent
                  | scales. (AC +2) [potion of mutation]
 73616 | Depths:1 | Gained mutation: You are strong-willed. (Will+) [potion of
                  | mutation]
 73616 | Depths:1 | Gained mutation: Your flesh is heat resistant. (rF+)
                  | [potion of mutation]
 73617 | Depths:1 | Bought a potion of magic for 128 gold pieces
 73679 | Depths:1 | Identified the +4 robe of Nemelex Xobeh, Bashing {Dex+3}
 73679 | Depths:1 | Noticed Boris
 73691 | Depths:1 | Killed Boris
 73694 | Depths:1 | Reached skill level 10 in Necromancy
 74111 | Depths:1 | Found a hazy altar of Hepliaklqana.
 74977 | Depths:2 | Found a one-way gate leading to the halls of Pandemonium.
 75395 | Depths:2 | Identified the +4 robe "Kyced" {Str+6 Stlth+}
 75395 | Depths:2 | Noticed Boris
 75407 | Depths:2 | Killed Boris
 76423 | Depths:3 | Found Mivitwi's Antique Weapon Shop.
 76733 | Depths:3 | Found a one-way gateway to a ziggurat.
 77099 | Depths:3 | Noticed Norris
 77109 | Depths:3 | Killed Norris
 77458 | Depths:3 | Found a shadowy altar of Dithmenos.
 77458 | Depths:3 | Found the +2 hood of the Assassin {Detect Stab+ Stlth++}
 77470 | Depths:3 | Reached XP level 25. HP: 88/149 MP: 33/39
 77982 | Depths:4 | Entered Level 4 of the Depths
 78503 | Depths:4 | Found a corrupted altar of Lugonu.
 78763 | Depths:4 | Found a broken altar of Ashenzari.
 78857 | Depths:4 | Found a gate to the Realm of Zot.
 79918 | Vaults:1 | Bought the ring "Timm" {*Slow rC+ Int+5} for 701 gold
                  | pieces
 80076 | Vaults:5 | Entered Level 5 of the Vaults
 80130 | Vaults:5 | HP: 11/226 [titan/bolt of lightning (19)]
 80130 | Vaults:5 | Killed from afar by a shadow dragon
 80130 | Vaults:5 | Lost a life (1 life remaining)
 80235 | Vaults:5 | HP: 8/216 [yaktaur captain/bolt (27)]
 80236 | Vaults:5 | HP: 1/214 [shadow dragon (18)]
 80653 | Vaults:5 | Identified the +3 quarterstaff "Wevviq" {freeze, Fly rCorr
                  | Str-3 SInv}
 81250 | Vaults:5 | Got a silver rune of Zot
 82625 | Vaults:5 | Found the +3 pair of gauntlets of War {Slay+5}
 83086 | Slime:1  | Entered Level 1 of the Pits of Slime
 83192 | Slime:1  | Reached XP level 26. HP: 158/158 MP: 16/39
 83192 | Slime:1  | Gained a life (2 lives remaining)
 83805 | Slime:2  | Noticed Dissolution
 83815 | Slime:2  | Killed Dissolution
 83929 | Slime:1  | Gained mutation: Your spells are a little easier to cast,
                  | but a little less powerful. [a shining eye]
 85521 | Slime:5  | Entered Level 5 of the Pits of Slime
 85521 | Slime:5  | Found the +6 arbalest "Damnation" {damnation}
 85524 | Slime:5  | Paralysed by a formless jellyfish for 1 turns
 85533 | Slime:5  | Paralysed by a formless jellyfish for 1 turns
 85843 | Slime:5  | Found a viscous altar of Jiyva.
 87028 | Slime:5  | Noticed the Royal Jelly
 87046 | Slime:5  | Killed the Royal Jelly
 87051 | Slime:5  | HP: 5/238 [rockslime[the Royal Jelly] (41)]
 87051 | Slime:5  | Annihilated by a rockslime
 87051 | Slime:5  | Lost a life (1 life remaining)
 87297 | Slime:5  | Got a slimy rune of Zot
 88130 | D:5      | Voluntarily entered the Abyss.
 88130 | Abyss:1  | Found a corrupted altar of Lugonu.
 88298 | Abyss:2  | Identified the +6 scale mail "Moshrotefu" {Rampage rElec
                  | rF++ rC-}
 88384 | D:5      | Escaped the Abyss
 88442 | D:5      | Bought 3 scrolls of blinking for 315 gold pieces
 88444 | D:5      | Voluntarily entered the Abyss.
 88726 | D:5      | Escaped the Abyss
 88772 | D:5      | Voluntarily entered the Abyss.
 88772 | Abyss:3  | Found a corrupted altar of Lugonu.
 88883 | Abyss:3  | Found a corrupted altar of Lugonu.
 89041 | Abyss:3  | Found a corrupted altar of Lugonu.
 89172 | D:5      | Escaped the Abyss
 89477 | D:5      | Voluntarily entered the Abyss.
 89479 | Abyss:3  | Noticed a dread lich
 89488 | Abyss:3  | Killed a dread lich
 89545 | Abyss:3  | Found a corrupted altar of Lugonu.
 89597 | Abyss:3  | Noticed a dread lich
 89608 | Abyss:3  | Killed a dread lich
 89613 | Abyss:3  | Found a corrupted altar of Lugonu.
 89780 | D:5      | Escaped the Abyss
 89945 | D:5      | Voluntarily entered the Abyss.
 89963 | D:5      | Escaped the Abyss
 90182 | Lair:5   | Bought a manual of Stealth for 1760 gold pieces
 90401 | D:5      | Voluntarily entered the Abyss.
 90423 | D:5      | Escaped the Abyss
 90525 | D:5      | Voluntarily entered the Abyss.
 90606 | Abyss:3  | Reached skill level 27 in Dodging
 90627 | Abyss:3  | Found a corrupted altar of Lugonu.
 90664 | Abyss:3  | Paralysed by accursed screaming for 1 turns
 90688 | Abyss:3  | Reached XP level 27. HP: 164/164 MP: 24/39
 90688 | Abyss:3  | Gained a life (2 lives remaining)
 90944 | Abyss:3  | Gained mutation: Your spells are easier to cast, but less
                  | powerful. [a cacodemon]
 90976 | D:5      | Escaped the Abyss
 91056 | D:5      | Voluntarily entered the Abyss.
 91056 | Abyss:3  | Found a shimmering blue altar of Sif Muna.
 91448 | D:5      | Escaped the Abyss
 91480 | D:5      | Voluntarily entered the Abyss.
 91613 | Abyss:3  | Found a corrupted altar of Lugonu.
 91629 | D:5      | Escaped the Abyss
 91930 | D:5      | Voluntarily entered the Abyss.
 91946 | D:5      | Escaped the Abyss
 91948 | D:5      | Voluntarily entered the Abyss.
 91953 | Abyss:3  | Found a corrupted altar of Lugonu.
 91977 | Abyss:3  | Found a corrupted altar of Lugonu.
 91983 | Abyss:3  | Found a corrupted altar of Lugonu.
 91983 | Abyss:3  | Found a corrupted altar of Lugonu.
 92029 | Abyss:3  | Found a corrupted altar of Lugonu.
 92459 | Abyss:3  | Got an abyssal rune of Zot
 92548 | D:5      | Escaped the Abyss
 93005 | Zot:1    | Entered Level 1 of the Realm of Zot
 94120 | Zot:1    | Noticed an orb of fire
 94122 | Zot:1    | Gained mutation: Your health recovers twice as slowly from
                  | being drained. [an orb of fire]
 94129 | Zot:1    | Gained mutation: You are dopey. (Int -2) [an orb of fire]
 94130 | Zot:1    | Gained mutation: Your spells are much easier to cast, but
                  | much less powerful. [an orb of fire]
 94134 | Zot:1    | Killed an orb of fire
 95846 | Zot:2    | Noticed an ancient lich
 95849 | Zot:2    | Killed an ancient lich
 96999 | Zot:2    | Bought a scroll of blinking for 150 gold pieces
 97705 | Zot:3    | Noticed a dread lich
 97807 | Zot:3    | HP: 12/247 [red draconian/+0 battleaxe of draining[a purple
                  | draconian shifter] (1)]
 97808 | Zot:3    | Killed from afar by a yellow draconian annihilator
 97808 | Zot:3    | Lost a life (1 life remaining)
 98070 | Zot:3    | Noticed an orb of fire
 98082 | Zot:3    | Found a shimmering blue altar of Sif Muna.
 98084 | Zot:3    | Found a transporter.
 98285 | Zot:4    | Found the +4 dragonskin cloak {Aegis}
 98285 | Zot:4    | Noticed Tiamat
 99526 | Abyss:3  | Cast into level 3 of the Abyss (purple draconian)
 99535 | Abyss:3  | Found a corrupted altar of Lugonu.
 99537 | Zot:4    | Escaped the Abyss
101386 | Zot:4    | Killed Tiamat
101738 | Zot:4    | Found a runed translucent gate.
101738 | Zot:4    | Found a runed translucent gate.
101738 | Zot:4    | Found a runed translucent gate.
101739 | Zot:4    | Noticed Herr's ghost (veteran MiBe)
102059 | Zot:5    | Entered Level 5 of the Realm of Zot
102080 | Zot:5    | Found a transporter.
102168 | Zot:5    | Found a transporter.
102171 | Zot:5    | Found a transporter.
102171 | Zot:5    | Found a transporter.
102183 | Zot:5    | Found a transporter.
102183 | Zot:5    | Found a transporter.
102695 | Zot:5    | Noticed a dread lich
102704 | Zot:5    | Killed a dread lich
102839 | Zot:5    | Noticed an ancient lich
102862 | Zot:5    | Killed an ancient lich
102863 | Zot:5    | Gained a life (2 lives remaining)
102866 | Zot:5    | Noticed an orb of fire
103128 | Zot:5    | Gained mutation: Potions are less effective at restoring
                  | your health. [an orb of fire]
103130 | Zot:5    | Gained mutation: You occasionally lose the ability to drink
                  | potions when taking damage. [an orb of fire]
103133 | Zot:5    | Killed an orb of fire
103403 | Zot:5    | Reached skill level 27 in Unarmed Combat
103459 | Zot:5    | Noticed an orb of fire
103464 | Zot:5    | Killed an orb of fire
103468 | Zot:5    | Noticed an orb of fire
103469 | Zot:5    | Noticed a dread lich
103471 | Zot:5    | Noticed an ancient lich
103474 | Zot:5    | Killed an ancient lich
103904 | Zot:5    | Gained mutation: You sometimes lose the ability to drink
                  | potions when taking damage. [an orb of fire]
103910 | Zot:5    | Killed an orb of fire
104070 | Zot:5    | Killed a dread lich
104100 | Zot:5    | Noticed an orb of fire
104107 | Zot:5    | Killed an orb of fire
104488 | Zot:5    | Lost mutation: You are strong-willed. (Will+) [potion of
                  | mutation]
104488 | Zot:5    | Lost mutation: Your flesh is heat resistant. (rF+) [potion
                  | of mutation]
104488 | Zot:5    | Lost mutation: You sometimes lose the ability to drink
                  | potions when taking damage. [potion of mutation]
104488 | Zot:5    | Lost mutation: You have very sharp fingernails. [potion of
                  | mutation]
104489 | Zot:5    | Lost mutation: Your health recovers twice as slowly from
                  | being drained. [potion of mutation]
104489 | Zot:5    | Lost mutation: You are partially covered in iridescent
                  | scales. (AC +2) [potion of mutation]
104489 | Zot:5    | Lost mutation: You are dopey. (Int -2) [potion of mutation]
104489 | Zot:5    | Gained mutation: You passively dampen the noise of your
                  | surroundings. [potion of mutation]
104489 | Zot:5    | Gained mutation: You occasionally lose the ability to read
                  | scrolls when taking damage. [potion of mutation]
104489 | Zot:5    | Gained mutation: Your muscles are strong. (Str +4, Int/Dex
                  | -1) [potion of mutation]
104489 | Zot:5    | Gained mutation: You have hidden genetic potential. [potion
                  | of mutation]
104490 | Zot:5    | Lost mutation: Your muscles are strong. (Str +4, Int/Dex
                  | -1) [potion of mutation]
104490 | Zot:5    | Lost mutation: You occasionally lose the ability to read
                  | scrolls when taking damage. [potion of mutation]
104490 | Zot:5    | Lost mutation: You have hidden genetic potential. [potion
                  | of mutation]
104490 | Zot:5    | Gained mutation: Your muscles are strong. (Str +4, Int/Dex
                  | -1) [potion of mutation]
104768 | Depths:1 | Bought a potion of mutation for 128 gold pieces
104768 | Depths:1 | Lost mutation: You occasionally lose the ability to drink
                  | potions when taking damage. [potion of mutation]
104768 | Depths:1 | Lost mutation: Your muscles are strong. (Str +4, Int/Dex
                  | -1) [potion of mutation]
104768 | Depths:1 | Lost mutation: Your spells are much easier to cast, but
                  | much less powerful. [potion of mutation]
104768 | Depths:1 | Gained mutation: Your health recovers twice as slowly from
                  | being drained. [potion of mutation]
104768 | Depths:1 | Gained mutation: You are partially covered in iridescent
                  | scales. (AC +2) [potion of mutation]
104768 | Depths:1 | Gained mutation: You are agile. (Dex +4, Str/Int -1)
                  | [potion of mutation]
105008 | Zot:5    | Got the Orb of Zot
105549 | D:$      | Escaped with the Orb!

Illustrated notes

Levels and vault maps discovered:
D:1:      ncdulo_wetmaze, layout_loops_cross
D:2:      minmay_roachtagon, layout_loops_ring,
          hellmonk_ecumenical_altar_crossroads
D:3:      layout_loops_ring, nicolae_gozag_seed_capital, minivault_24
D:4:      layout_cave_pools, led_xom_imps, dancing_weapons_uskayaw,
          minmay_temple_entry_antechambers, enter_ossuary_4,
          dilly_guarded_unrand_throatcut
D:5:      due_chaos_kobolds, layout_rooms, mainiacjoe_overflow_alcove_1,
          nicolae_ru_great_annihilating_truth, fedhas_altar_2,
          kiku_gazebo_pond_becter, uniq_blork_the_orc, uniq_crazy_yiuf_cottage
D:6:      layout_loops_ring, kennysheep_little_box,
          mainiacjoe_overflow_concentric_impassable
D:7:      layout_basic, gammafunk_ghost_necromancy, grunt_tough_drop,
          uniq_jeremiah
D:8:      layout_basic, general_overflow_altar, serial_shops,
          nicolae_shop_overgrown_old_shop, uniq_pikel, uniq_grum
D:9:      minmay_the_grid_triangle_9x9_recursive_2_mashed
          [minmay_the_grid_triangle_9x9_prize_center,
          minmay_the_grid_triangle_9x9_warning,
          minmay_the_grid_triangle_9x9_intruding_spiral,
          minmay_the_grid_triangle_9x9_sparse_checkered], layout_long_grid,
          minmay_strange_pillars, uniq_erica
D:10:     layout_gridville, lemuel_doored_altar, uniq_maurice
D:11:     layout_basic, minmay_orc_entry_temple_small, minivault_7
D:12:     four-leaf_vault, layout_rooms, serial_shops, shop,
          hellmonk_ghost_happy_afterlife
D:13:     layout_gridville, kennysheep_cluttered_room, nicolae_danse_macabre,
          uniq_jorgrun
D:14:     layout_loops_corners, ximxim_vaults_locker_room, serial_shops,
          nicolae_shop_peninsula, nicolae_shop_tiny_waterfront, shop,
          nicolae_shop_overgrown_old_shop, minivault_5
D:15:     grunt_enter_depths_hoard, layout_rooms, dreamdust_princess_bridge
Temple:   nicolae_temple_ecumenical_triangle
Lair:1:   layout_chaotic_city, nicolae_quartered_pool_little,
          chequers_serial_rivers_micro_b, grunt_megastairs_2
Lair:2:   hellmonk_destroyed_diamonds, layout_regular_city, spider_nest_entry_a,
          grunt_forest_small_clearing_treed
Lair:3:   regret_index_tunnel_blossom, layout_long_grid,
          palyth_hydra_swamp_entry, basic_altar, beast_lair_carwin_2
Lair:4:   layout_misc_corridors, uniq_josephine
Lair:5:   cheibrodos_lair_end_hotspot, layout_regular_city, slime_entry_1,
          chequers_serial_rivers_room_b, serial_bayou_pond_d
Swamp:1:  layout_basic_swamp, evilmike_swamp_ruin_rubble_2, swamp_pool_5,
          grunt_hermit_hut
Swamp:2:  layout_basic_swamp, evilmike_swamp_ruin_house_2, swamp_pool_1_2
Swamp:3:  layout_basic_swamp, evilmike_swamp_ruin_house_1, uniq_mlioglotl,
          uniq_donald
Swamp:4:  swamp_vile, layout_basic_swamp, swamp_pool_1_2,
          infiniplex_staircase_pool, nicolae_swamp_long_stream
Spider:1: layout_spider_delve, hangedman_spider_tarantella_strand
Spider:2: layout_spider_delve, nicolae_spider_nooks_and_crannies
Spider:3: layout_chambers, nicolae_orb_island, uniq_nikola
Spider:4: johnstein_spider_rune_arachne_lair, nicolae_spider_bzzzt
Slime:1:  layout_caves, special_room [special_room_jelly]
Slime:2:  layout_caves, dissolution_awaits
Slime:3:  layout_caves, nicolae_slime_welcoming_committee
Slime:4:  layout_caves, cheibrodos_slime_lost_civilization_4
Slime:5:  slime_pit_nicolae_jellycorners
Orc:1:    layout_caves, portal_ice_cave_entry_pillars_1,
          nicolae_orc_crystal_geode
Orc:2:    st_orc_ogre_mass, layout_diamond_mine, mines3_lemuel
Elf:1:    eino_elf_arrival_customs, layout_onion_city, basic_altar,
          hangedman_elven_crosses_minicolossus
Elf:2:    elven_hall_of_blades_hangedman_alternative
          [nicolae_blade_little_rooms], layout_loops_ring, serial_shops, shop,
          amethyst_killhole, drop_trap, minmay_misc_feat_ornament,
          minmay_shoptagon, lemuel_upstairs_altar
Elf:3:    minmay_elf_hall_furrowed, layout_loops_corners, grunt_megastairs_4
Vaults:1: nicolae_vaults_circle_grid_b, vaults_room_pools,
          nicolae_vaults_stairing_the_circle, nicolae_vaults_border_crossing,
          nicolae_vaults_storage_closets_3, vaults_mumra_hexcomb,
          dpeg_vaults_monster_box, nicolae_vaults_storage_room_water,
          hangedman_vaults_corner_blocks, layout_vaults_omnigrid, serial_shops,
          shop, uniq_boris
Vaults:2: nicolae_vaults_wine_cellar, vaults_room_octagon,
          minmay_crypt_entry_simple_walls, v_misc_15,
          nicolae_vaults_closet_pinwheel_5, nicolae_vaults_little_squares_5,
          nicolae_vaults_tetromino_L_2, v_misc_14, vaults_mumra_minichess,
          serial_library_regret_index_small_wings, vaults_dpeg_diagonal,
          nicolae_vaults_tetromino_Z_2, layout_vaults_omnicross
Vaults:3: nicolae_vaults_network_star, vaults_room_hallway, vaults_dpeg_hooks,
          nicolae_vaults_double_plus_1, nicolae_vaults_diamond_2,
          nicolae_vaults_hallways_thing, nicolae_vaults_specimen_jars,
          v_misc_12, nicolae_vaults_little_squares_3, grunt_vaults_funnel,
          ontoclasm_vaults_ligature, nicolae_vaults_tetromino_T_1,
          layout_vaults_big_room, serial_shops, bzr_in_the_mist
Vaults:4: infiniplex_enter_wizlab_glasses, hangedman_vaults_trim,
          nicolae_vaults_loss_of_containment, hangedman_vaults_slither,
          nicolae_vaults_circle_grid_b, v_misc_25, grunt_vaults_focal,
          nicolae_vaults_tetromino_T_1, v_misc_29, layout_vaults_maze_snakey
Vaults:5
Crypt:1:  layout_basic
Crypt:2:  layout_chaotic_city, lemuel_nasty_fountain, uniq_xtahua
Crypt:3:  david_glass_crypt, layout_rooms, serial_sigils,
          serial_sigils_hangedman_gut, serial_sigils_hangedman_scratch,
          serial_sigils_hangedman_snap, serial_sigils_hangedman_gut
Depths:1: layout_basic, serial_shops, nicolae_square_shop,
          nicolae_hepliaklqana_hippocampus,
          nicolae_hell_entry_hellmouth_sunbeams, kennysheep_generic_room_16
Depths:2: nicolae_cairo_tiling_large, layout_cave_shapes, abyss_entry,
          rand_demon_pan_entry_7, hell_entry, nicolae_elevator_lobby_plus,
          serial_bayou_shore_b
Depths:3: regret_index_dithmenos_brocken_genspenst, layout_gridlike,
          enter_ziggurat_f, hell_entry, kennysheep_small_spiral, abyss_entry,
          serial_shops, shop, uniq_norris
Depths:4: grunt_zot_entry_pinwheel, layout_gridlike, pf_hell_entry_tar_spiral,
          cheibrodos_ashenzari_chains, grunt_pan_entry_zigzag,
          abyss_entry_flame_altar
Zot:1:    layout_onion, hangedman_zot_gyre
Zot:2:    chapayev_index_zotdef_columnade, layout_twisted_circle, uniq_grunn
Zot:3:    gammafunk_sealed_library, layout_misc_corridors,
          lemuel_baited_zot_trap, regret_index_zotdec_under_construction
Zot:4:    layout_onion_interference, regret_index_zotdec_decaying_basic,
          gammafunk_ghost_ooze, skrybe_zot_glass_3, uniq_tiamat
Zot:5:    layout_misc_corridors, bh_zot_lava_cross, serial_nicolae_subway,
          nicolae_sub_station_crystal, nicolae_sub_station_stone,
          nicolae_sub_station_metal

Skill      XL: |  1  2  3  4  5  6  7  8  9 10 11 12 13 14 15 16 17 18 19 20 21 22 23 24 25 26 27 |
---------------+----------------------------------------------------------------------------------+-----
Unarmed Combat | 1 2 4 6 7 10 11 13 15 17 19 22 23 27 | 27.0
Dodging        | 3 4 5 6 7 8 14 15 17 19 21 22 27 | 27.0
Fighting       | 1 4 6 7 10 11 13 15 17 18 21 22 23 25 | 25.2
Summonings     | 2 |  2.0
Conjurations   | 2 3 4 7 9 |  9.0
Air Magic      | 1 2 4 7 9 |  9.0
Alchemy        | 1 3 |  3.0
Spellcasting   | 5 6 7 10 11 | 11.0
Ice Magic      | 1 3 5 |  5.0
Shapeshifting  | 4 10 11 15 16 19 | 19.0
Translocations | 7 17 | 17.8
Stealth        | 8 15 17 18 23 | 23.9
Necromancy     | 4 10 | 10.0

Action                     |  1- 3 |  4- 6 |  7- 9 | 10-12 | 13-15 | 16-18 | 19-21 | 22-24 | 25-27 || total
---------------------------+-------+-------+-------+-------+-------+-------+-------+-------+-------++-------
  Melee: Unarmed           |    99 |   254 |   455 |   516 |   555 |   875 |   492 |   760 |  2007 ||  6013
         Bite              |     9 |    37 |    54 |    89 |    76 |    40 |    72 |   148 |   378 ||   903
         Punch             |       |     8 |    15 |    44 |    43 |    17 |    61 |   119 |   424 ||   731
         Constrict         |       |       |       |       |    32 |   153 |       |       |       ||   185
         Tailslap          |       |       |       |       |       |    38 |    89 |   170 |   493 ||   790
   Cast: Magic Dart        |    69 |    47 |    40 |       |       |       |       |       |       ||   156
         Call Imp          |    15 |    42 |    67 |    40 |       |       |       |       |       ||   164
         Blink             |       |     1 |       |       |     1 |     1 |       |       |       ||     3
         Mephitic Cloud    |       |       |    35 |    76 |    67 |    10 |       |       |       ||   188
         Freezing Cloud    |       |       |       |    42 |   158 |    86 |     5 |       |       ||   291
         Summon Ice Beast  |       |       |       |     9 |     4 |       |       |       |       ||    13
         Arcjolt           |       |       |       |     4 |    53 |    26 |     7 |    19 |     7 ||   116
         Hailstorm         |       |       |       |     3 |       |     1 |       |       |       ||     4
         Lesser Beckoning  |       |       |       |       |     1 |    60 |       |     2 |    23 ||    86
         Gell's Gavotte    |       |       |       |       |       |   146 |    37 |    21 |    21 ||   225
         Summon Forest     |       |       |       |       |       |     8 |    12 |    22 |    29 ||    71
         Dispersal         |       |       |       |       |       |     3 |       |       |     3 ||     6
         Vhi's Electric Ch |       |       |       |       |       |     7 |   153 |   173 |   351 ||   684
         Fugue of the Fall |       |       |       |       |       |       |     1 |    36 |    43 ||    80
         Death Channel     |       |       |       |       |       |       |       |    14 |    58 ||    72
         Apportation       |       |       |       |       |       |       |       |       |    13 ||    13
 Invoke: Call Merchant     |       |       |       |     1 |     3 |     2 |     2 |       |     4 ||    12
         Potion Petition   |       |       |       |       |     1 |     1 |     1 |       |     2 ||     5
         Bribe Branch      |       |       |       |       |       |       |       |       |     1 ||     1
Ability: Breathe Fire      |       |       |       |       |       |       |       |       |     1 ||     1
  Evoke: Wand              |       |       |       |       |       |     1 |       |       |       ||     1
    Use: Scroll            |       |       |     8 |     9 |    14 |    10 |     5 |       |     7 ||    53
         Potion            |       |       |     1 |       |     1 |     4 |     1 |     8 |    23 ||    38
   Stab: Distracted        |     3 |     5 |     3 |     2 |     2 |    11 |     4 |    17 |    47 ||    94
         Sleeping          |     1 |     1 |     6 |     1 |     6 |     6 |       |       |     2 ||    23
         Confused          |       |       |    27 |    75 |    44 |     6 |       |       |       ||   152
         Paralysed         |       |       |     1 |       |       |       |       |       |       ||     1
         Invisible         |       |       |       |       |       |     2 |       |       |     7 ||     9
 Armour: Skin              |    30 |    64 |   102 |   140 |   194 |   592 |   200 |   391 |  1039 ||  2752
  Dodge: Dodged            |    71 |   216 |   380 |   532 |   493 |   672 |   171 |   416 |  1276 ||  4227
   Form: Beast             |       |       |     1 |       |       |       |       |       |       ||     1
         Serpent           |       |       |       |       |     1 |     1 |       |       |       ||     2
         Maw               |       |       |       |       |     1 |       |       |       |       ||     1
         Dragon            |       |       |       |       |       |     2 |       |       |       ||     2

Table legend: (Time is in decaauts)
 A = Elapsed time spent in this place.
 B = Non-inter-level travel time spent in this place.
 C = Inter-level travel time spent in this place.
 D = Time resting spent in this place.
 E = Time spent auto-exploring this place.
 F = Levels seen in this place.
 G = Mean time per level.
                   A        B        C        D        E       F      G
               +--------+--------+--------+--------+--------+-----+--------+
         Total | 104379 |  95695 |   8684 |  15534 |  62946 |  74 | 1410.5 |
       Dungeon |  25429 |  21798 |   3631 |   4003 |  13441 |  15 | 1695.3 |
        Temple |      1 |      1 |      0 |      0 |      0 |   1 |    1.0 |
          Lair |  10087 |   8858 |   1229 |    984 |   6388 |   5 | 2017.4 |
         Swamp |   5579 |   5432 |    147 |   1239 |   3296 |   4 | 1394.8 |
   Spider Nest |  10410 |  10089 |    321 |   1568 |   7149 |   4 | 2602.5 |
    Slime Pits |   4576 |   4234 |    342 |    315 |   3292 |   5 |  915.2 |
  Orcish Mines |   1899 |   1636 |    263 |     66 |    915 |   2 |  949.5 |
   Elven Halls |   7096 |   6845 |    251 |   1555 |   4491 |   3 | 2365.3 |
        Vaults |   9863 |   8830 |   1033 |   1204 |   6297 |   5 | 1972.6 |
         Crypt |   4412 |   4211 |    201 |    143 |   3504 |   3 | 1470.7 |
        Depths |   7757 |   7336 |    421 |    393 |   6165 |   4 | 1939.2 |
           Zot |  11297 |  10454 |    843 |   2143 |   6805 |   5 | 2259.4 |
         Abyss |   2684 |   2684 |      0 |    590 |    395 |  14 |  191.7 |
        Bazaar |     43 |     43 |      0 |      0 |     14 |   1 |   43.0 |
       Ossuary |   1770 |   1770 |      0 |    562 |    487 |   1 | 1770.0 |
      Ice Cave |   1009 |   1009 |      0 |    680 |     59 |   1 | 1009.0 |
        Wizlab |    458 |    458 |      0 |     85 |    247 |   1 |  458.0 |
               +--------+--------+--------+--------+--------+-----+--------+

Top non-repeatable levels by time:
   Zot:3: 4409 daAuts
Spider:4: 3626 daAuts
     D:5: 3312 daAuts
  Lair:5: 2948 daAuts
   Elf:2: 2726 daAuts
Vaults:5: 2574 daAuts
Spider:3: 2505 daAuts
   Zot:5: 2476 daAuts
Vaults:2: 2418 daAuts
     D:9: 2404 daAuts
  Lair:3: 2341 daAuts
 Abyss:3: 2336 daAuts
   Elf:3: 2275 daAuts
Depths:4: 2225 daAuts
 Crypt:1: 2210 daAuts
